 Dungeon Crawl Stone Soup version 0.29.1-12-g30fa7ad0bf (webtiles) character file.

Game seed: 10905763584487217595

611 hawla the Chiller (level 8, -3/52 (58) HPs)
             Began as a Meteoran Ice Elementalist on Dec 26, 2022.
             Slain by a wight
             ... wielding a +5 scimitar
              (5 damage)
             ... on level 5 of the Dungeon.
             The game lasted 00:06:28 (924 turns).

hawla the Chiller (Meteoran Ice Elementalist)        Turns: 924, Time: 00:06:28

HP:   -3/52 (58)    AC:  6    Str:  9    XL:     8   Next: 3%
MP:   15/15         EV: 13    Int: 18    God:
Gold: 118           SH:  0    Dex: 16    Spells: 8/16 levels left

rFire   . . .      SeeInvis .   o - +3 dire flail (holy)
rCold   . . .      Faith    .   (shield currently unavailable)
rNeg    . . .      Spirit   .   a - +0 robe
rPois   .          Reflect  .   (no helmet)
rElec   .          Harm     .   l - +0 cloak
rCorr   .          Rampage  .   i - +1 pair of gloves
Will    ++...                   e - +0 pair of boots
Stlth   +.........              (no amulet)
HPRegen 0.17/turn               h - ring of willpower
MPRegen 0.14/turn               (no ring)

@: glowing, heavily drained
A: sense surroundings 1, otherworldly, glowing, explore regen
a: no special abilities


You were on level 5 of the Dungeon.
You visited 1 branch of the dungeon, and saw 5 of its levels.

You collected 118 gold pieces.

Inventory:

Hand Weapons
 m - a +4 quarterstaff of chaos
 o - a +3 dire flail of holy wrath (weapon)
Armour
 a - a +0 robe (worn)
 e - a +0 pair of boots (worn)
 i - a +1 pair of gloves (worn)
 l - a +0 cloak (worn)
Jewellery
 h - a ring of willpower (left hand)
Scrolls
 d - 4 scrolls of magic mapping {unknown}
 g - a scroll of teleportation {unknown}
 j - a scroll of identify {unknown}
Potions
 b - a potion of curing
 c - a potion of heal wounds {unknown}
 f - a potion of mutation {unknown}
 k - a potion of ambrosia {unknown}


   Skills:
 + Level 0.5 Fighting
 + Level 2.8 Dodging
 - Level 1.4 Stealth
 + Level 4.6 Spellcasting
 + Level 6.4 Conjurations
 + Level 6.4 Ice Magic


You had 8 spell levels left.
You knew the following spells:

 Your Spells              Type           Power      Damage    Failure   Level
a - Freeze                Ice            100%       1d11      1%          1
b - Frozen Ramparts       Ice            54%        1d9       3%          3
c - Hailstorm             Conj/Ice       27%        3d7       10%         4

Your spell library contained the following spells:

 Spells                   Type           Power      Damage    Failure   Level
 Ozocubu's Armour         Ice            27%        N/A       3%          3
 Iskenderun's Battlesphe  Conj           27%        2d8       28%         5
 Freezing Cloud           Conj/Ice/Air   9%         6-21      54%         5
 Iron Shot                Conj/Erth      7%         9d2       99%         6
 Simulacrum               Ice/Necr       7%         N/A       99%         6
 Spellforged Servitor     Conj/Summ      7%         N/A       100%        7
 Polar Vortex             Ice            13%        N/A       100%        9


Dungeon Overview and Level Annotations

Branches:
Dungeon (5/15) Zot: 2075
 Temple: D:4-7

Altars:


Innate Abilities, Weirdness & Mutations

You passively map a small area around you.
You are easily found by Zot.
You glow in the dark.
You regain HP and MP as you explore.


Message History

Casting: Frozen Ramparts (dangerous; 3% risk of failure)
Press: ? - help, Dir - look around, f - activate The walls around you are covered in ice.
The wall freezes the hound.
The hound pauses to sniff the ground.
The wall freezes the hound. x2; The hound closely misses you.
You puncture the hound!
You kill the hound!
Training target 6.4 for Conjurations reached!
You need to enable at least one skill for training.
You have reached level 8!
Setting a skill training target for Maces & Flails at 14.0.
The frozen ramparts melt away as you move.
You open the door. 2 wights come into view.
An ice beast comes into view.
There is an open door here.
Okay, then.
A wight comes into view. It is wielding a +4 spear.
The wight hits you with a +5 scimitar.
You hit the wight but do no damage. The wight closely misses you.
The wight hits you with a +5 scimitar!
You feel drained.
You hit the wight.
The wight convulses.
The wight is heavily damaged.
The wight hits you from afar with a +4 spear!
You feel drained. The wight hits you with a +5 scimitar.
You barely miss the wight.
The wight is heavily damaged.
The wight hits you from afar with a +4 spear.
You feel drained. The wight barely misses you.
It was a potion of curing.
You feel better.
The wight hits you from afar with a +4 spear.
The wight hits you with a +5 scimitar!!
* * * LOW HITPOINT WARNING * * *
You feel drained.
* * * LOW HITPOINT WARNING * * *
There is an open door here.
The wight attacks as you move away! The wight misses you.
The wight attacks as you move away! The wight hits you with a +5 scimitar.
You die...

......# * *
,,.....* * * ,...
, , #z#* * ** , ,
, * #z# ## * ##'##
.#,, ##.Y.## .#, ⌠
* ##..z..## *, .+
, * ##...@...## ,
.# ,
*#.........####...
.# *,
,+.........'......
.###+####
#.........####...
* ..#..#..#
##.......##
........#
##....<##
.......## ##...##
* ###.#### ##'##
#[# #.#


You could see an ice beast and 3 wights.

Vanquished Creatures
  Edmund (D:5)
  3 scorpions
  3 hounds
  Crazy Yiuf (D:4)
  An orc priest (D:5)
  Natasha (thrice) (D:4)
  An iguana (D:4)
  An orc wizard (D:4)
  2 adders
  2 worms
  2 dart slugs (D:4)
  7 orcs
  A giant cockroach (D:4)
  A hobgoblin (D:4)
  4 kobolds
  A quokka (D:3)
  3 ball pythons (D:4)
  A goblin (D:1)
38 creatures vanquished.

Notes
Turn   | Place    | Note
-------+----------+-------------------------------------------
     0 | D:1      | hawla the Meteoran Ice Elementalist began the quest for the
                  | Orb.
     0 | D:1      | Reached XP level 1. HP: 14/14 MP: 5/5
    85 | D:3      | Noticed a hound
    91 | D:3      | Killed a hound
    92 | D:3      | Reached skill level 5 in Ice Magic
    92 | D:3      | Reached XP level 2. HP: 5/20 MP: 1/7
    92 | D:3      | Reached XP level 3. HP: 6/26 MP: 1/8
   104 | D:3      | Reached XP level 4. HP: 9/33 MP: 4/9
   117 | D:3      | Learned a level 3 spell: Frozen Ramparts
   194 | D:4      | Reached XP level 5. HP: 39/39 MP: 5/11
   204 | D:4      | Noticed Natasha
   211 | D:4      | Killed Natasha
   248 | D:4      | Noticed Natasha
   251 | D:4      | Killed Natasha
   282 | D:4      | Reached XP level 6. HP: 46/46 MP: 7/13
   287 | D:4      | Learned a level 4 spell: Hailstorm
   326 | D:4      | Noticed Natasha
   335 | D:4      | Reached skill level 1 in Conjurations
   340 | D:4      | Killed Natasha
   444 | D:4      | Reached XP level 7. HP: 48/51 MP: 9/14
   711 | D:4      | Found a runed translucent door.
   712 | D:4      | Noticed Crazy Yiuf
   718 | D:4      | Killed Crazy Yiuf
   771 | D:5      | Entered Level 5 of the Dungeon
   777 | D:5      | Reached skill level 5 in Conjurations
   790 | D:5      | Noticed Edmund
   796 | D:5      | Killed Edmund
   909 | D:5      | Reached XP level 8. HP: 58/58 MP: 11/15
   919 | D:5      | HP: 2/54 [wight/+5 scimitar (18)]
   924 | D:5      | Slain by a wight

Illustrated notes

Levels and vault maps discovered:
D:1:      heliophobic_arrival_battle_scene, layout_basic, st_stairs_2,
          ebering_dispersal_statue_hall
D:2:      cheibrodos_fertilizer, layout_basic, basic_ecumenical_altar,
          nicolae_grassy_gnolls
D:3:      minmay_inner_zag, layout_rooms
D:4:      layout_rooms, serial_curves, eino_curves_03, eino_curves_01,
          eino_curves_04, uniq_natasha, uniq_crazy_yiuf_cottage
D:5:      layout_loops_corners, minmay_temple_entry_hall, uniq_edmund

Skill      XL: |  1  2  3  4  5  6  7 |
---------------+----------------------+-----
Spellcasting   | 3 4 |  4.6
Ice Magic      | 5 6 |  6.4
Conjurations   | 3 6 |  6.4
Fighting       | |  0.5
Dodging        | |  2.8
Stealth        | |  1.4

Action                   |  1- 3 |  4- 6 |  7- 9 || total
-------------------------+-------+-------+-------++-------
Melee: Dire flail        |       |       |     9 ||     9
       Quarterstaff      |       |       |     2 ||     2
 Cast: Freeze            |    12 |    26 |    10 ||    48
       Frozen Ramparts   |       |    10 |     9 ||    19
       Hailstorm         |       |       |     3 ||     3
  Use: Potion            |     1 |       |     1 ||     2
Armor: Robe              |     1 |     5 |       ||     6
Dodge: Dodged            |     6 |    15 |    14 ||    35
